 Dungeon Crawl Stone Soup version 0.31.0-4-g52a2dc7128 (webtiles) character file.

Game seed: 12812606639950855549

20358 Drablr the Covert (level 12, -1/87 HPs)
             Began as a Spriggan Brigand on Jan 22, 2024.
             Was an Elder of Cheibriados.
             Slain by an orange demon (4 damage)
             ... led by Amaemon
             ... on level 2 of the Lair of Beasts on Jan 23, 2024.
             The game lasted 01:06:19 (12120 turns).

Drablr the Covert (Spriggan Brigand)               Turns: 12120, Time: 01:06:19

Health: -1/87      AC: 30    Str: 21    XL:     12   Next: 44%
Magic:  0/34       EV:  4    Int: 26    God:    Cheibriados [****..]
Gold:   225        SH:  0    Dex: 26    Spells: 18/27 levels left

rFire   . . .        q - +1 rapier (elec)
rCold   . . .        (no shield)
rNeg    . . .        C - melded +1 robe {rC+}
rPois   +            k - melded +4 hat "Oshroc Wu Fit" {+Blink rF+ Dex+3}
rElec   .            c - melded +1 cloak
rCorr   .            (gloves unavailable)
SInv    +            (boots unavailable)
Will    ++...        s - amulet of guardian spirit
Stlth   ++++++       f - +4 ring of protection
HPRegen 0.34/turn    r - ring of Obetsock {+Blink MP+9 Int+2}
MPRegen 0.24/turn

%: guardian spirit
@: lethally poisoned (-1 -> -3), tree-form, very slow
A: stationary, stasis, torment immunity, boosted hp, very small, no large
weapons, unfitting armour, see invisible, (speed 3)
a: Renounce Religion, Evoke Blink, Bend Time, Temporal Distortion, Slouch


You were on level 2 of the Lair of Beasts.
You worshipped Cheibriados.
Cheibriados was greatly pleased with you.
You were a tree.
You visited 3 branches of the dungeon, and saw 11 of its levels.
You also visited: Sewer.

You collected 575 gold pieces.
You spent 350 gold pieces at shops.

Inventory:

Hand Weapons
 q - a +1 rapier of electrocution (weapon)
 A - a +0 hand cannon
Missiles
 n - 14 poisoned darts (quivered)
 t - a throwing net
 u - 2 boomerangs
Armour
 b - a +1 robe
 c - a +1 cloak (melded)
 k - the +4 hat "Oshroc Wu Fit" (melded) {+Blink rF+ Dex+3}
   (You acquired it on level 3 of the Dungeon)

   Dex+3:     It affects your dexterity (+3).
   rF+:       It protects you from fire.
   +Blink:    It lets you blink.
 C - a +1 robe of cold resistance (melded)
Jewellery
 d - a ring of ice
 f - a +4 ring of protection (left branch)
 g - a ring of positive energy
 r - the ring of Obetsock (right branch) {+Blink MP+9 Int+2}
   (You found it on level 6 of the Dungeon)

   [ring of magical power]

   Int+2:     It affects your intelligence (+2).
   MP+9:      It affects your magic capacity (+9).
   +Blink:    It lets you blink.
 s - an amulet of guardian spirit (around neck)
Talismans
 m - a beast talisman
 o - a serpent talisman
Wands
 y - a wand of digging (1)
Scrolls
 a - a scroll of butterflies
 B - 2 scrolls of fog
 D - 2 scrolls of noise
Potions
 h - 2 potions of cancellation
 j - a potion of resistance
 l - a potion of might
 p - a potion of lignification
 v - a potion of mutation {unknown}
 z - a potion of degeneration


   Skills:
 * Level 4.5 Fighting
 * Level 7.8(8.8) Short Blades
 * Level 4.6(6.0) Long Blades
 * Level 3.2 Ranged Weapons
 * Level 6.4 Throwing
 * Level 4.1 Armour
 * Level 8.2 Dodging
 * Level 12.5 Stealth
 * Level 8.1 Spellcasting
 * Level 4.6 Hexes
 * Level 5.2 Necromancy
 * Level 3.9 Invocations
 * Level 6.4 Evocations
 * Level 5.4 Shapeshifting


You had 18 spell levels left.
You knew the following spells:

 Your Spells              Type           Power      Damage    Failure   Level
a - Fugue of the Fallen   Necr           37%        N/A       1%          3
b - Sigil of Binding      Hex            34%        N/A       2%          3
c - Vampiric Draining     Necr           37%        2d8       1%          3

Your spell library contained the following spells:

 Spells                   Type           Power      Damage    Failure   Level
 Slow                     Hex            100%       N/A       1%          1
 Jinxbite                 Hex            68%        N/A       1%          2
 Confusing Touch          Hex            34%        N/A       2%          3
 Cigotuvi's Dreadful Rot  Necr/Alch/Air  38%        N/A       4%          2
 Apportation              Tloc           20%        N/A       5%          1
 Dispel Undead            Necr           37%        3d15      6%          4
 Ozocubu's Armour         Ice            10%        N/A       17%         3
 Martyr's Knell           Necr/Summ      24%        N/A       19%         4
 Manifold Assault         Tloc           10%        N/A       50%         4
 Death Channel            Necr           18%        N/A       69%         6
 Alistair's Intoxication  Alch           6%         N/A       83%         5


Dungeon Overview and Level Annotations

Branches:
Dungeon (8/15)             Temple (1/1) D:6            Lair (2/5) D:8
  Snake (0/4) Lair:2        Sewer (visited)
  Swamp: Lair:2-3    Shoals: Lair:2-3

Altars:
Ashenzari
Cheibriados
Dithmenos
Elyvilon
Fedhas
Gozag
Hepliaklqana
Kikubaaqudgha
Makhleb
Nemelex Xobeh
Okawaru
Qazlal
Ru
Sif Muna
Trog
Uskayaw
Vehumet
Wu Jian
Xom
Yredelemnul
The Shining One

Shops:
D:4 !

Annotations:
D:3 2 transporters, Strat's ghost, weakling VSNe
Lair:2 2 runed translucent doors, Amaemon; Pive's ghost, journeyman FoFi


Innate Abilities, Weirdness & Mutations

You are a tree.
Your roots penetrate the ground, keeping you stationary.
You cannot be teleported.
You are immune to unholy pain and torment.
Your maximum health is greatly increased.
Your equipment is partially melded.
You are very small and have problems with some larger weapons.
You are too small for most types of armour.
You have supernaturally acute eyesight. (SInv)
((You cover ground extremely quickly. (Speed+++)))


Message History

The orange demon is moderately wounded.
You feel yourself speed up.
You feel sick. The orange demon completely misses you.
The orange demon hits you but does no damage.
You barely miss the orange demon.
The orange demon is moderately wounded.
You feel sick. The orange demon stings you.
* * * LOW HITPOINT WARNING * * *
The orange demon hits you but does no damage.
Amaemon's eyes glow red.
You hit the orange demon but do no damage.
The orange demon is moderately wounded.
You feel sick.
The orange demon stings you but does no damage.
The orange demon hits you but does no damage.
You closely miss the orange demon.
The orange demon is moderately wounded.
You feel sick.
You barely miss the orange demon.
The orange demon is moderately wounded.
Your binding sigil disappears.
You feel sick.
The orange demon stings you but does no damage.
The orange demon hits you but does no damage.
You closely miss the orange demon.
The orange demon is moderately wounded.
You feel sick.
The orange demon stings you but does no damage.
The orange demon hits you but does no damage.
You completely miss the orange demon.
The orange demon is moderately wounded.
The orange demon stings you but does no damage.
The orange demon hits you but does no damage.
You hit the orange demon.
The orange demon is heavily wounded.
You feel sick.
You closely miss the orange demon.
The orange demon is heavily wounded.
You feel sick. The orange demon stings you!
You die...

######## .......### ###
#........## ##P# ..........###
### ###..#######
............###.####P....##.#.#
...............#..............###
................♣46.............#
...........^...###...............
..............####...............
##...........(###...............#
#..............###............###
##............###............##
..............# ###.........##
...........#### #.........##
.......#.## ##.......##


You could see Amaemon and an orange demon (swift).

Vanquished Creatures
  Gastronok (Lair:1)
  Fannar (Lair:1)
  2 hydras
  4 death yaks
  Pikel (D:4)
  5 elephants (Lair:1)
  2 black mambas
  Joseph (D:8)
  4 cane toads
  2 torpor snails
  3 komodo dragons (Lair:2)
  Grinder (D:7)
  7 blink frogs (Lair:2)
  Sigmund (D:2)
  2 wyverns
  20 yaks
  A basilisk (Lair:2)
  A human (D:7)
  3 hogs (D:7)
  2 nagas (Lair:2)
  5 water moccasins
  4 black bears
  4 orc warriors
  Pargi (Sewer)
  2 ice beasts
  2 centaurs
  A brain worm (Sewer)
  A kobold brigand (Sewer)
  4 scorpions
  6 bullfrogs
  A gnoll sergeant (D:7)
  4 wights (D:8)
  4 killer bees
  2 howler monkeys
  The ghost of zenocrate the Ruffian, a weakling VSFi (D:4)
  4 hounds
  4 jellies
  Crazy Yiuf (D:4)
  A bombardier beetle (D:5)
  A gnoll bouda (D:6)
  An orc priest (D:8)
  2 iguanas
  Ijyb (D:4)
  A sleepcap (D:5)
  A hell rat (D:8)
  6 orc wizards
  5 adders
  10 gnolls
  2 river rats (D:8)
  A shadow imp (D:5)
  A white imp (D:6)
  5 ufetubi (D:6)
  A dart slug (D:5)
  2 ribbon worms (D:2)
  31 orcs
  3 endoplasms
  2 giant cockroaches
  8 goblins
  A hobgoblin (D:3)
  7 quokkas
  10 ball pythons
  2 bats
  4 frilled lizards
  9 kobolds
  9 rats
242 creatures vanquished.

Notes
Turn   | Place    | Note
-------+----------+-------------------------------------------
     0 | D:1      | Drablr the Spriggan Brigand began the quest for the Orb.
     0 | D:1      | Reached XP level 1. HP: 10/10 MP: 2/2
   184 | D:1      | Reached skill level 6 in Stealth
   350 | D:1      | Reached XP level 2. HP: 14/14 MP: 3/3
   475 | D:2      | Noticed Sigmund
   503 | D:2      | Killed Sigmund
   504 | D:2      | Reached skill level 1 in Long Blades
   504 | D:2      | Reached skill level 1 in Armour
   504 | D:2      | Reached skill level 7 in Stealth
   504 | D:2      | Reached skill level 1 in Spellcasting
   504 | D:2      | Reached XP level 3. HP: 8/18 MP: 3/6
   504 | D:2      | Reached XP level 4. HP: 10/23 MP: 3/7
   504 | D:2      | Reached XP level 5. HP: 12/26 MP: 3/8
   645 | D:4      | Noticed Grinder
   810 | D:3      | Found a transporter.
   884 | D:3      | Identified a scroll of acquirement
   884 | D:3      | Acquired the +4 hat "Oshroc Wu Fit" {+Blink rF+ Dex+3}
  1146 | D:3      | Noticed Strat's ghost (weakling VSNe)
  1159 | D:3      | Found a transporter.
  1545 | D:5      | Entered Level 5 of the Dungeon
  1696 | D:5      | Noticed an orc warrior
  1741 | D:4      | Reached XP level 6. HP: 17/30 MP: 9/9
  1961 | D:4      | Reached skill level 8 in Stealth
  1978 | D:4      | Found a basalt altar of Yredelemnul.
  1992 | D:4      | Reached skill level 1 in Evocations
  2029 | D:4      | Noticed Ijyb
  2032 | D:4      | Killed Ijyb
  2064 | D:4      | Found a transporter.
  2074 | D:4      | Noticed zenocrate's ghost (weakling VSFi)
  2076 | D:4      | Found a transporter.
  2301 | D:4      | Paralysed by Grinder for 3 turns
  2381 | D:4      | Learned a level 3 spell: Fugue of the Fallen
  2433 | D:4      | Found Heghis's Distillery.
  2472 | D:4      | Reached XP level 7. HP: 22/35 MP: 11/11
  2522 | D:4      | Bought 2 potions of curing for 60 gold pieces
  2522 | D:4      | Bought a potion of curing for 30 gold pieces
  2533 | D:4      | Noticed Pikel
  2551 | D:4      | Killed Pikel
  2552 | D:4      | Reached skill level 1 in Necromancy
  2552 | D:4      | Reached XP level 8. HP: 18/39 MP: 11/13
  2721 | D:4      | Found a runed translucent door.
  2722 | D:4      | Noticed Crazy Yiuf
  2747 | D:4      | Killed Crazy Yiuf
  2797 | D:4      | Found an ancient bone altar of Kikubaaqudgha.
  2938 | D:5      | Reached skill level 9 in Stealth
  3205 | D:5      | Found a shimmering blue altar of Sif Muna.
  3247 | D:5      | Reached skill level 1 in Shapeshifting
  3266 | D:5      | Reached skill level 5 in Dodging
  3367 | D:5      | Acquired a +1 rapier of electrocution
  3547 | D:6      | Reached skill level 5 in Short Blades
  3557 | D:6      | Found a shadowy altar of Dithmenos.
  3707 | D:6      | Identified the ring of Obetsock {+Blink MP+9 Int+2}
  3811 | D:6      | Found a staircase to the Ecumenical Temple.
  4062 | D:6      | Found a glowing drain.
  4074 | Sewer    | Entered a sewer
  4098 | Sewer    | Reached XP level 9. HP: 43/43 MP: 15/15
  4111 | Sewer    | Noticed Pargi
  4113 | Sewer    | Killed Pargi
  4218 | Sewer    | Reached skill level 10 in Stealth
  4274 | Temple   | Entered the Ecumenical Temple
  4291 | Temple   | Became a worshipper of Cheibriados the Contemplative
  4350 | D:6      | Found a hide-covered altar of Uskayaw.
  4904 | D:4      | Bought a potion of magic for 80 gold pieces
  4904 | D:4      | Bought a potion of heal wounds for 50 gold pieces
  4984 | D:4      | Killed zenocrate's ghost
  5421 | D:2      | Reached * piety under Cheibriados
  5886 | D:1      | Learned a level 3 spell: Sigil of Binding
  5890 | D:1      | Learned a level 3 spell: Vampiric Draining
  6353 | D:1      | You fall into a shaft and drop 1 floor!
  6655 | D:4      | Bought 2 potions of might for 80 gold pieces
  6655 | D:4      | Bought a potion of berserk rage for 50 gold pieces
  7078 | D:7      | Reached skill level 1 in Hexes
  7079 | D:7      | Killed Grinder
  7080 | D:7      | Reached skill level 1 in Invocations
  7156 | D:7      | Reached ** piety under Cheibriados
  7284 | D:7      | Reached skill level 11 in Stealth
  7311 | D:7      | Reached XP level 10. HP: 26/49 MP: 7/17
  7515 | D:8      | Reached skill level 5 in Throwing
  7618 | D:8      | Found a staircase to the Lair.
  7627 | D:8      | Noticed a death yak
  7628 | D:8      | Noticed a death yak
  7633 | D:8      | Noticed Joseph
  7640 | D:8      | Noticed a death yak
  7662 | D:8      | Killed a death yak
  7663 | D:8      | Reached skill level 5 in Spellcasting
  7674 | D:8      | Killed a death yak
  7687 | D:8      | Killed a death yak
  7687 | D:8      | Reached *** piety under Cheibriados
  7834 | D:8      | Found a shimmering altar of Xom.
  7860 | D:8      | Killed Joseph
  8178 | D:8      | Reached skill level 5 in Evocations
  8218 | D:8      | Identified the +1 arbalest of Xuon {drain, Dex+3}
  8431 | Lair:1   | Entered Level 1 of the Lair of Beasts
  8497 | Lair:1   | Noticed Fannar
  8497 | Lair:1   | Noticed a cane toad
  8546 | Lair:1   | Killed a cane toad
  8565 | Lair:1   | Noticed a black mamba
  8579 | Lair:1   | Killed a black mamba
  8641 | Lair:1   | Reached XP level 11. HP: 53/53 MP: 21/21
  8681 | Lair:1   | Reached skill level 1 in Ranged Weapons
  8964 | Lair:1   | Noticed a six-headed hydra
  8981 | Lair:1   | Killed a six-headed hydra
  9048 | Lair:1   | Killed Fannar
  9280 | Lair:1   | Noticed a death yak
  9526 | Lair:1   | Killed a death yak
  9527 | Lair:1   | Reached skill level 12 in Stealth
  9620 | Lair:1   | Noticed Gastronok
  9647 | Lair:1   | Killed Gastronok
  9792 | Lair:1   | Reached **** piety under Cheibriados
 10652 | Lair:2   | Reached skill level 5 in Shapeshifting
 10669 | Lair:2   | Reached XP level 12. HP: 28/58 MP: 2/24
 10779 | Lair:2   | Found a staircase to the Snake Pit.
 11096 | Lair:2   | Noticed a seven-headed hydra
 11106 | Lair:2   | Killed a seven-headed hydra
 11111 | Lair:2   | Found a sparkling altar of Nemelex Xobeh.
 11247 | Lair:2   | Reached skill level 5 in Necromancy
 11792 | Lair:2   | Reached ***** piety under Cheibriados
 12084 | Lair:2   | Found a runed translucent gate.
 12084 | Lair:2   | Noticed Amaemon
 12085 | Lair:2   | Found a runed translucent gate.
 12085 | Lair:2   | Noticed Pive's ghost (journeyman FoFi)
 12119 | Lair:2   | HP: 4/87 [poisoned by an orange demon]
 12120 | Lair:2   | Slain by an orange demon

Illustrated notes

Levels and vault maps discovered:
D:1:      dpeg_arrival_water_fire, layout_basic, dreamdust_wishing_well,
          hangedman_feature_mirror
D:2:      layout_basic, amcnicky_mini_rare_corridor_liquid, minmay_pentomino_q2,
          uniq_sigmund
D:3:      layout_rooms, gammafunk_ghost_stat_death, wad_orctagon
D:4:      layout_basic, overflow_temple_1_default, lemuel_crystal_altar,
          gammafunk_ghost_arena, serial_shops, shop, serial_forest,
          infiniplex_forest_clump_double, infiniplex_forest_lined_room_2,
          infiniplex_forest_lined_4_way, infiniplex_forest_clump_medium,
          infiniplex_forest_end_1, infiniplex_forest_end_1,
          infiniplex_forest_corner_2, infiniplex_forest_clump_medium,
          uniq_crazy_yiuf_cottage, uniq_ijyb, uniq_grinder, uniq_pikel
D:5:      layout_loops_cross, mainiacjoe_overflow_cross_hatched
D:6:      kennysheep_spiral_hall, layout_rooms,
          mainiacjoe_overflow_surrounded_room,
          grunt_dithmenos_smoke_and_mirrors, minmay_temple_entry_hall,
          portal_sewer_entry_d
D:7:      layout_basic, grunt_livestock
D:8:      layout_rooms, nicolae_overflow_crystal_walls, dpeg_lair_monsters,
          uniq_joseph
Temple:   hellmonk_temple_two_chambers
Lair:1:   layout_cave_pods, columned_hall_lemuel, uniq_gastronok, uniq_fannar
Lair:2:   layout_cave_pods, minmay_snake_entry_guardpost_medium,
          gammafunk_ghost_hydra_chop, basic_altar, grunt_megastairs_2,
          uniq_amaemon

Skill      XL: |  1  2  3  4  5  6  7  8  9 10 11 12 |
---------------+-------------------------------------+-----
Stealth        | 6 7 8 9 11 12 | 12.5
Long Blades    | 1 2 3 4 |  4.6
Armour         | 1 2 3 4 |  4.1
Dodging        | 2 3 4 5 6 7 8 |  8.2
Spellcasting   | 1 2 3 4 6 7 8 |  8.1
Fighting       | 2 3 4 |  4.5
Short Blades   | 3 4 5 6 7 |  7.8
Throwing       | 3 4 5 6 |  6.4
Evocations     | 1 2 3 4 5 6 |  6.4
Necromancy     | 1 2 3 4 5 |  5.2
Shapeshifting  | 2 3 4 5 |  5.4
Hexes          | 1 2 4 |  4.6
Invocations    | 1 2 3 |  3.9
Ranged Weapons | 2 3 |  3.2

Action                     |  1- 3 |  4- 6 |  7- 9 | 10-12 || total
---------------------------+-------+-------+-------+-------++-------
  Melee: Dagger            |    36 |   150 |    62 |       ||   248
         Punch             |       |     2 |       |     8 ||    10
         Rapier            |       |       |   126 |   428 ||   554
   Fire: Arbalest          |       |       |       |    28 ||    28
         Hand cannon       |       |       |       |    21 ||    21
  Throw: Dart              |    15 |    26 |    29 |    12 ||    82
   Cast: Fugue of the Fall |       |       |     3 |     4 ||     7
         Vampiric Draining |       |       |     1 |    93 ||    94
         Sigil of Binding  |       |       |       |    22 ||    22
 Invoke: Step From Time    |       |       |       |     1 ||     1
Ability: Evoke Blink       |       |     1 |       |       ||     1
  Evoke: Wand              |       |     8 |    22 |     9 ||    39
    Use: Scroll            |       |     9 |    10 |    10 ||    29
         Potion            |       |     1 |     2 |    22 ||    25
   Stab: Sleeping          |     4 |     5 |    27 |     7 ||    43
         Invisible         |       |     2 |       |     3 ||     5
         Distracted        |       |     1 |       |       ||     1
 Armour: Robe              |     9 |    47 |    66 |   249 ||   371
         Skin              |       |       |       |    61 ||    61
  Dodge: Dodged            |    20 |   129 |   193 |   640 ||   982
